 Dungeon Crawl Stone Soup version 0.31-a0-626-g8143ab4f1d (webtiles) character file.

Game seed: 12087974049696140658

5535 thirtiethelement the Skirmisher (level 10, 0/76 HPs)
             Began as a Demonspawn Shapeshifter on Aug 25, 2023.
             Was an Elder of Okawaru.
             Slain by a howler monkey (3 damage)
             ... on level 8 of the Dungeon.
             The game lasted 00:30:20 (7938 turns).

thirtiethelement the Skirmisher (DsSh)              Turns: 7938, Time: 00:30:21

Health: 0/76       AC:  9    Str: 16    XL:     10   Next: 43%
Magic:  10/10      EV: 12    Int: 10    God:    Okawaru [****..]
Gold:   193        SH:  5    Dex: 17    Spells: 9/9 levels left

rFire   . . .        a - +2 dagger (speed)
rCold   + . .        (no shield)
rNeg    . . .        f - +3 ring mail {rC+}
rPois   .            (helmet currently unavailable)
rElec   .            (cloak currently unavailable)
rCorr   .            (gloves currently unavailable)
SInv    .            (boots unavailable)
Will    .....        m - amulet of reflection
Stlth   +            (no ring)
HPRegen 0.32/turn    (no ring)
MPRegen 0.12/turn

%: reflection
@: beast-form, studying Evocations, invisible
A: beast (slay +3), hooves 3, foul stench 1, spiny 2
a: Begin Untransformation, Renounce Religion, Heroism, Finesse


You were on level 8 of the Dungeon.
You worshipped Okawaru.
Okawaru was greatly pleased with you.
You were a hulking beast.
You visited 2 branches of the dungeon, and saw 10 of its levels.
You also visited: Bailey.

You collected 361 gold pieces.
You spent 168 gold pieces at shops.

Inventory:

Hand Weapons
 a - a +2 dagger of speed (weapon)
 b - a +0 heavy shortbow
 B - the +5 mace of Doom {flame, Int+3}
   (You found it on level 6 of the Dungeon)

   Int+3:     It affects your intelligence (+3).
Missiles
 i - 2 javelins
 n - a boomerang
 z - a curare-tipped dart
 D - a throwing net
Armour
 f - a +3 ring mail of cold resistance (worn)
 F - an orb of guile
 G - +0 steam dragon scales
Jewellery
 m - an amulet of reflection (around neck)
 I - an amulet of guardian spirit
 K - an amulet of magic regeneration
Talismans
 c - a beast talisman (active)
 d - a flux talisman
Scrolls
 g - 5 scrolls of teleportation
 k - 2 scrolls of summoning {unknown}
 p - a scroll of vulnerability
 r - a scroll of enchant weapon {unknown}
 s - a scroll of immolation {unknown}
 v - a scroll of revelation {unknown}
 x - a scroll of blinking {unknown}
 y - 2 scrolls of amnesia
 A - a scroll of torment {unknown}
 H - a scroll of fog
Potions
 e - 2 potions of brilliance
 h - a potion of mutation {unknown}
 j - 2 potions of lignification
 l - 3 potions of might
 o - 3 potions of invisibility
 q - a potion of berserk rage
 t - 2 potions of haste {unknown}
 u - a potion of enlightenment {unknown}
 w - a potion of curing
 C - a potion of ambrosia {unknown}
 E - a potion of degeneration {unknown}
 L - a potion of experience {unknown}
 O - a potion of resistance {unknown}


   Skills:
 + Level 5.8 Fighting
 + Level 3.3 Short Blades
 + Level 8.5 Ranged Weapons
 + Level 5.2 Armour
 + Level 3.9 Dodging
 + Level 1.0 Stealth
 + Level 1.3 Shields
 + Level 3.6 Unarmed Combat
 * Level 6.3 Shapeshifting


You had 9 spell levels left.
You didn't know any spells.
Your spell library contained the following spells:

 Spells                   Type           Power      Damage    Failure   Level
 Apportation              Tloc           0%         N/A       56%         1
 Necrotise                Necr           0%         1d4       56%         1
 Lesser Beckoning         Tloc           0%         N/A       71%         2
 Dazzling Flash           Conj/Hex       0%         N/A       90%         3
 Gell's Gravitas          Tloc           0%         N/A       90%         3
 Portal Projectile        Hex/Tloc       0%         N/A       90%         3
 Teleport Other           Tloc           0%         N/A       90%         3
 Volatile Blastmotes      Fire/Tloc      0%         2d10      90%         3
 Leda's Liquefaction      Hex/Erth       0%         N/A       100%        4
 Starburst                Conj/Fire      0%         6d3       100%        6
 Maxwell's Capacitive Co  Air            0%         ∞         100%        8
 Summon Small Mammal      Summ           Unusable   N/A       N/A         1
 Call Canine Familiar     Summ           Unusable   N/A       N/A         3

Dungeon Overview and Level Annotations

Branches:
Dungeon (9/15)             Temple (1/1) D:6          Bailey (visited)
   Lair: D:8-11         Orc: D:9-12

Altars:
Ashenzari
Cheibriados
Dithmenos
Fedhas
Gozag
Hepliaklqana
Makhleb
Okawaru
Qazlal
Ru
Trog
Uskayaw
Vehumet
Xom
Yredelemnul

Shops:
D:5 *

Annotations:
D:4 1 runed translucent door, Crazy Yiuf


Innate Abilities, Weirdness & Mutations

You are a hulking beast.
Your limbs bulge with bestial killing power. (Slay +3)
You have hooves in place of feet.
You may rarely emit foul miasma when damaged in melee.
You are mostly covered in sharp spines.


Message History

There is a stone staircase leading up here.
b - a +0 heavy shortbow (weapon)
The boulder beetle curls into a ball and begins rolling!
Fire: b) +0 shortbow (heavy)
Press: ? - help, Q - select action, (/) - cycle Shift-Dir - straight line, f - boulder beetle
Aim: a boulder beetle (rolling, 92% to hit)
You shoot an arrow.
The arrow hits the boulder beetle but does no damage.
The boulder beetle is struck by your spines.
The boulder beetle hits you!!
The boulder beetle stops rolling and uncurls.
Your hands tingle!
a - a +2 dagger of speed (weapon)
You barely miss the howler monkey.
The howler monkey is struck by your spines.
The howler monkey closely misses you.
The howler monkey hoots and howls with incredible vigour!
The boulder beetle barely misses you.
You hear an angry hiss.
You hit the howler monkey.
The howler monkey is almost dead.
The howler monkey hoots and howls with incredible vigour!
You hit the howler monkey.
You kill the howler monkey!
Okawaru accepts your kill.
You can now speed up your combat.
The boulder beetle bites you!!
* * * LOW HITPOINT WARNING * * *
You hit the howler monkey. Your kick misses the howler monkey.
The howler monkey is moderately wounded.
The howler monkey hoots and howls with incredible vigour!
You hit the howler monkey. You kick the howler monkey.
The howler monkey is severely wounded.
The boulder beetle bites you!
* * * LOW HITPOINT WARNING * * *
It was a potion of invisibility.
You fade into invisibility!
You block the howler monkey's attack. The boulder beetle bites you.
* * * LOW HITPOINT WARNING * * *
The howler monkey hits you.
You die...

............(..##
...........##...#
.........####...#
.........####..###
.)..##....##.....#
)∩).###..#......#####
.)....#..........#..#
...............h....#
.....##........Bh...#
.....#..............#
...................##
..................##
..................#
.......>.........##
.................###.
..#..................
)##.......)..........


You could see a boulder beetle (unable to see you) and a howler monkey (unable
to see you).

Vanquished Creatures
  2 vault guards (Bailey)
  Jeremiah (D:6)
  Maggie (D:7)
  Prince Ribbit (Bailey)
  4 yaks (D:8)
  2 humans (Bailey)
  Duvessa (D:7)
  2 orc warriors
  A sky beast (D:7)
  3 ice beasts
  5 ogres
  2 centaurs
  A kobold brigand (D:6)
  Blork the orc (D:4)
  5 bullfrogs
  A scorpion (D:6)
  Dowan (D:7)
  A howler monkey (D:8)
  An electric eel (D:7)
  A jelly (D:6)
  4 hounds
  3 orc priests
  2 gnoll boudas
  5 iguanas
  A sleepcap (D:3)
  6 orc wizards
  Robin (D:4)
  9 gnolls
  5 adders
  2 white imps
  A worm (D:3)
  3 dart slugs
  16 orcs
  10 endoplasms
  4 giant cockroaches
  20 goblins
  14 hobgoblins
  7 jackals
  A quokka (D:3)
  7 ball pythons
  5 bats
  3 frilled lizards
  8 kobolds
  4 rats
178 creatures vanquished.

Notes
Turn   | Place    | Note
-------+----------+-------------------------------------------
     0 | D:1      | thirtiethelement the Demonspawn Shapeshifter began the
                  | quest for the Orb.
     0 | D:1      | Reached XP level 1. HP: 15/15 MP: 1/1
   217 | D:1      | Gained mutation: You are partially covered in sharp spines.
                  | [demonic ancestry]
   217 | D:1      | Reached XP level 2. HP: 21/21 MP: 2/2
   690 | D:1      | Reached XP level 3. HP: 26/26 MP: 3/3
  1611 | D:3      | Reached skill level 1 in Ranged Weapons
  1611 | D:3      | Discovered your monstrous ancestry.
  1611 | D:3      | Gained mutation: You have large cloven feet. [demonic
                  | ancestry]
  1611 | D:3      | Reached XP level 4. HP: 28/32 MP: 4/4
  1821 | D:3      | Reached skill level 2 in Ranged Weapons
  1915 | D:3      | Reached XP level 5. HP: 37/37 MP: 5/5
  2045 | D:3      | Found an opulent altar of Gozag.
  2206 | D:4      | Found a runed translucent door.
  2207 | D:4      | Noticed Crazy Yiuf
  2278 | D:4      | HP: 1/37 [iguana (11)]
  2386 | D:4      | Noticed Robin
  2391 | D:4      | Killed Robin
  2488 | D:4      | Reached skill level 3 in Ranged Weapons
  2644 | D:4      | Noticed Blork the orc
  2655 | D:4      | Killed Blork the orc
  2656 | D:4      | Reached skill level 1 in Armour
  2656 | D:4      | Gained mutation: You have hoof-like feet. [demonic
                  | ancestry]
  2656 | D:4      | Reached XP level 6. HP: 26/46 MP: 6/6
  3437 | D:5      | Entered Level 5 of the Dungeon
  3767 | D:5      | Found Ollopn's Assorted Antiques.
  3775 | D:5      | Bought a potion of curing for 72 gold pieces
  3775 | D:5      | Bought a scroll labelled WAKOT AZUBAUM for 24 gold pieces
  3775 | D:5      | Bought a scroll labelled IPEBBA AGHOY for 24 gold pieces
  3775 | D:5      | Bought a scroll of identify for 48 gold pieces
  3825 | D:5      | Reached skill level 1 in Short Blades
  3825 | D:5      | Reached skill level 4 in Ranged Weapons
  3825 | D:5      | Gained mutation: You have hooves in place of feet. [demonic
                  | ancestry]
  3825 | D:5      | Reached XP level 7. HP: 45/51 MP: 7/7
  4144 | D:6      | Noticed Jeremiah
  4402 | D:6      | Reached skill level 5 in Ranged Weapons
  4402 | D:6      | Reached XP level 8. HP: 41/58 MP: 8/8
  4690 | D:6      | Identified the +5 mace of Doom {flame, Int+3}
  4863 | D:6      | Found a staircase to the Ecumenical Temple.
  4872 | Temple   | Entered the Ecumenical Temple
  4877 | Temple   | Became a worshipper of Warmaster Okawaru
  5376 | D:6      | Killed Jeremiah
  5377 | D:6      | Reached skill level 6 in Ranged Weapons
  5487 | D:7      | Reached * piety under Okawaru
  5575 | D:7      | Noticed Maggie
  5596 | D:7      | Killed Maggie
  5597 | D:7      | Reached skill level 5 in Shapeshifting
  5597 | D:7      | Gained mutation: You are mostly covered in sharp spines.
                  | [demonic ancestry]
  5597 | D:7      | Reached XP level 9. HP: 56/66 MP: 9/9
  5796 | D:7      | Noticed Duvessa
  5809 | D:7      | Killed Duvessa
  6082 | D:7      | Reached skill level 7 in Ranged Weapons
  6273 | D:7      | Noticed Dowan
  6282 | D:7      | Killed Dowan
  6282 | D:7      | Reached ** piety under Okawaru
  6802 | D:8      | Found a flagged portal.
  6811 | Bailey   | Entered a bailey
  6894 | Bailey   | Reached skill level 5 in Fighting
  7170 | Bailey   | Noticed Prince Ribbit
  7170 | Bailey   | Noticed a vault guard
  7180 | Bailey   | Killed Prince Ribbit
  7188 | Bailey   | Killed a vault guard
  7188 | Bailey   | Reached *** piety under Okawaru
  7189 | Bailey   | Reached skill level 8 in Ranged Weapons
  7189 | Bailey   | Reached skill level 1 in Shields
  7189 | Bailey   | Gained mutation: You may rarely emit foul miasma when
                  | damaged in melee. [demonic ancestry]
  7189 | Bailey   | Reached XP level 10. HP: 74/74 MP: 7/10
  7258 | Bailey   | Noticed a vault guard
  7284 | Bailey   | Killed a vault guard
  7285 | Bailey   | Reached skill level 5 in Armour
  7732 | D:8      | Reached skill level 1 in Stealth
  7897 | D:8      | Noticed a boulder beetle
  7935 | D:8      | Reached **** piety under Okawaru
  7938 | D:8      | HP: 3/76 [boulder beetle (2)]
  7938 | D:8      | Slain by a howler monkey

Illustrated notes

Levels and vault maps discovered:
D:1:      amcnicky_arrival_abandoned_market, layout_basic, minmay_tetromino_l2
D:2:      layout_basic
D:3:      layout_basic, grunt_temple_overflow_gold_and_silver, serial_curves,
          eino_curves_04, eino_curves_04
D:4:      minmay_octagon_keep, layout_loops_ring,
          hangedman_decor_diamond_cutter, kennysheep_boxes,
          uniq_crazy_yiuf_cottage, uniq_blork_the_orc, uniq_robin
D:5:      layout_basic, serial_shops, nicolae_shop_peninsula,
          minmay_crystal_water
D:6:      layout_basic, mainiacjoe_overflow_concentric_impassable,
          minmay_temple_entry_junction, hangedman_abyss_or_decor_passed,
          uniq_jeremiah
D:7:      layout_loops_ring, kennysheep_minor_cross, uniq_maggie, uniq_duvessa
D:8:      layout_cave_pools, enter_bailey_2
D:9:      layout_loops_cross, kennysheep_little_box, grunt_temple_overflow_open,
          david_orc_3, serial_shops, nicolae_shop_behind_doors
Temple:   nicolae_temple_ecumenical_triangle

Skill      XL: |  1  2  3  4  5  6  7  8  9 10 |
---------------+-------------------------------+-----
Unarmed Combat | 3 |  3.6
Shapeshifting  | 3 4 5 6 |  6.3
Dodging        | 2 3 |  3.9
Ranged Weapons | 1 2 3 4 5 6 8 |  8.5
Fighting       | 2 3 4 5 |  5.8
Armour         | 1 2 3 4 5 |  5.2
Short Blades   | 1 2 3 |  3.3
Shields        | 1 |  1.3
Stealth        | 1 |  1.0

Action                     |  1- 3 |  4- 6 |  7- 9 | 10-12 || total
---------------------------+-------+-------+-------+-------++-------
  Melee: Unarmed           |    36 |       |       |       ||    36
         Dagger            |    34 |    69 |   104 |    38 ||   245
         Punch             |     1 |     4 |     3 |       ||     8
         Kick              |       |    19 |    36 |    16 ||    71
   Fire: Sling             |    28 |    84 |       |       ||   112
         Shortbow          |       |    24 |   135 |    14 ||   173
 Invoke: Heroism           |       |       |     1 |       ||     1
    Use: Potion            |       |     1 |     1 |     2 ||     4
         Scroll            |       |     4 |     4 |     4 ||    12
 Armour: Animal skin       |     5 |       |       |       ||     5
         Ring mail         |    16 |    26 |    23 |     4 ||    69
  Dodge: Dodged            |    45 |    40 |    43 |    16 ||   144
  Block: Other             |       |       |    12 |     5 ||    17
         Reflection        |       |       |     1 |     1 ||     2

Table legend: (Time is in decaauts)
 A = Elapsed time spent in this place.
 B = Non-inter-level travel time spent in this place.
 C = Inter-level travel time spent in this place.
 D = Time resting spent in this place.
 E = Time spent auto-exploring this place.
 F = Levels seen in this place.
 G = Mean time per level.
                   A        B        C        D        E       F      G
               +--------+--------+--------+--------+--------+-----+--------+
         Total |   7994 |   7774 |    220 |   1277 |   4447 |  11 |  726.7 |
       Dungeon |   7288 |   7068 |    220 |    807 |   4447 |   9 |  809.8 |
        Temple |     11 |     11 |      0 |      0 |      0 |   1 |   11.0 |
        Bailey |    694 |    694 |      0 |    470 |      0 |   1 |  694.0 |
               +--------+--------+--------+--------+--------+-----+--------+

Top non-repeatable levels by time:
     D:6: 1278 daAuts
     D:4: 1246 daAuts
     D:7: 1238 daAuts
     D:3: 845 daAuts
     D:5: 772 daAuts
     D:1: 704 daAuts
  Bailey: 694 daAuts
     D:2: 656 daAuts
     D:8: 429 daAuts
     D:9: 115 daAuts
  Temple: 11 daAuts
